 Dungeon Crawl Stone Soup version 0.30.1-11-g7821555f0a (webtiles) character file.

Game seed: 6377763375088429725

29 Okkudo the Chopper (level 3, -1/33 HPs)
             Began as a Hill Orc Monk on Dec 1, 2023.
             Succumbed to a scorpion's poison
             ... on level 2 of the Dungeon.
             The game lasted 00:02:09 (663 turns).

Okkudo the Chopper (Hill Orc Monk)                   Turns: 663, Time: 00:02:10

Health: -1/33      AC:  6    Str: 15    XL:     3   Next: 16%
Magic:  3/3        EV: 11    Int: 16    God:
Gold:   26         SH:  0    Dex: 13    Spells: 2/2 levels left

rFire   . . .        a - +0 hand axe
rCold   . . .        d - orb {light}
rNeg    . . .        i - +0 ring mail
rPois   .            (no helmet)
rElec   .            (no cloak)
rCorr   .            (no gloves)
SInv    +            k - +0 pair of boots
Will    .....        h - amulet of magic regeneration
Stlth   +            b - ring of see invisible
HPRegen 0.25/turn    e - +6 ring of intelligence
MPRegen 0.48/turn

%: no passive effects
@: lethally poisoned (-1 -> -13), glowing
A: no striking features
a: no special abilities


You were on level 2 of the Dungeon.
You visited 1 branch of the dungeon, and saw 2 of its levels.

You collected 26 gold pieces.

Inventory:

Hand Weapons
 a - a +0 hand axe (weapon)
Armour
 d - an orb of light (worn)
 i - a +0 ring mail (worn)
 k - a +0 pair of boots (worn)
Jewellery
 b - a ring of see invisible (left hand)
 e - a +6 ring of intelligence (right hand)
 h - an amulet of magic regeneration (around neck)
Scrolls
 f - 2 scrolls of amnesia {unknown}
 g - 4 scrolls of identify {unknown}
Potions
 c - a potion of ambrosia
 j - a potion of flight {unknown}


   Skills:
 + Level 4.2 Fighting
 + Level 4.6 Axes
 + Level 2.8 Dodging


You had 2 spell levels left.
You didn't know any spells.
Your spell library contained the following spells:

 Spells                   Type           Power      Damage    Failure   Level
 Freeze                   Ice            0%         1d3       45%         1
 Frozen Ramparts          Ice            0%         1d1       83%         3
 Hailstorm                Conj/Ice       0%         3d3       83%         3


Dungeon Overview and Level Annotations

Branches:
Dungeon (2/15)

Altars:


Message History

A scorpion comes into view.
You hit the worm but do no damage.
The worm is heavily wounded.
You hit the kobold but do no damage. The kobold hits you but does no damage.
The worm bites you!
You hit the worm.
The worm is severely wounded.
You hit the kobold.
You kill the kobold!
The bat hits you but does no damage. The worm barely misses you.
You hit the worm but do no damage.
The worm is heavily wounded.
The bat closely misses you.
You hit the worm.
The worm is severely wounded.
The bat misses you. The worm bites you. The kobold barely misses you.
You hit the worm.
The worm is almost dead.
You hit the kobold. The worm bites you. The kobold barely misses you.
You hit the worm.
You kill the worm!
You closely miss the kobold. The kobold closely misses you.
You barely miss the scorpion. You hit the kobold.
You kill the kobold!
The scorpion stings you.
You are poisoned.
The scorpion poisons you!
You hit the scorpion but do no damage.
You feel sick. The scorpion stings you.
You hit the scorpion.
The scorpion is lightly wounded.
You feel sick. The scorpion barely misses you. The scorpion stings you.
* * * LOW HITPOINT WARNING * * *
You are lethally poisoned!
The scorpion poisons you!
You hit the scorpion.
The scorpion is lightly wounded.
* * * LOW HITPOINT WARNING * * *
You feel very sick. The scorpion barely misses you.
You die...

#. . ##.#. #...#
. #...# .. #...##
... #.... ....
#...# .....
#...###..$...
##...@.).....>
...#....##s......
.......<# #......
...###### ......
.. ##... . .. .


You could see a scorpion.

Vanquished Creatures
  A worm (D:2)
  2 ball pythons (D:1)
  4 bats (D:1)
  2 endoplasms (D:1)
  2 goblins (D:1)
  4 hobgoblins
  4 frilled lizards (D:1)
  3 kobolds
  2 rats (D:1)
24 creatures vanquished.

Notes
Turn   | Place    | Note
-------+----------+-------------------------------------------
     0 | D:1      | Okkudo the Hill Orc Monk began the quest for the Orb.
     0 | D:1      | Reached XP level 1. HP: 19/19 MP: 1/1
    95 | D:1      | Reached XP level 2. HP: 25/27 MP: 2/2
   641 | D:2      | Reached XP level 3. HP: 31/33 MP: 3/3
   652 | D:2      | Noticed a scorpion
   663 | D:2      | Succumbed to a scorpion's poison

Illustrated notes

Levels and vault maps discovered:
D:1:      lemuel_arrival_funnel, layout_basic
D:2:      layout_rooms, uniq_jessica

Skill      XL: |  1  2 |
---------------+-------+-----
Fighting       | 4 |  4.2
Axes           | |  4.6
Dodging        | |  2.8

Action                     || total
---------------------------++-------
  Melee: Hand axe          ||    59
 Armour: Leather armour    ||     6
         Ring mail         ||    10
  Dodge: Dodged            ||    36
